 Dungeon Crawl Stone Soup version 0.30.1-11-g7821555f0a (webtiles) character file.

Game seed: 7860594997381481663

7275 fireball365 the Cleaver (level 10, -6/89 HPs)
             Began as a Minotaur Fighter on Oct 31, 2023.
             Was an Initiate of Gozag.
             Succumbed to a gnoll sergeant's poison
             ... on level 9 of the Dungeon.
             The game lasted 00:16:31 (7811 turns).

fireball365 the Cleaver (Minotaur Fighter)          Turns: 7811, Time: 00:16:31

Health: -6/89      AC: 19    Str: 24    XL:     10   Next: 89%
Magic:  9/9        EV:  8    Int:  5    God:    Gozag
Gold:   474        SH: 11    Dex: 17    Spells: 9/9 levels left

rFire   . . .        l - +2 broad axe (elec)
rCold   . . .        J - +0 kite shield
rNeg    . . .        N - +0 plate armour
rPois   .            (helmet restricted)
rElec   .            s - +2 cloak {Stlth+}
rCorr   .            (no gloves)
SInv    .            E - +0 pair of boots
Will    .....        (no amulet) Stlth
                     h - +6 ring of dexterity
HPRegen 0.34/turn    M - +4 ring of slaying
MPRegen 0.11/turn

%: no passive effects
@: brilliant, lethally poisoned (-6 -> -27), gold aura, flying, slowed, studying
Evocations, very slow
A: horns 2, retaliatory headbutt, talons 2
a: Renounce Religion, Potion Petition, Call Merchant, Bribe Branch


You were on level 9 of the Dungeon.
You worshipped Gozag.
Gozag was aware of your devotion.
You visited 2 branches of the dungeon, and saw 10 of its levels.

You collected 703 gold pieces.
You spent 77 gold pieces at shops.
You paid 152 gold pieces to Gozag.

Inventory:

Hand Weapons
 a - a +0 war axe
 l - a +2 broad axe of electrocution (weapon)
Missiles
 K - a throwing net (quivered)
Armour
 s - a +2 cloak of stealth (worn)
 E - a +0 pair of boots (worn)
 J - a +0 kite shield (worn)
 N - a +0 plate armour (worn)
Jewellery
 h - a +6 ring of dexterity (left hand)
 n - a ring of fire
 x - a ring of resist corrosion
 y - a ring of magical power
 M - a +4 ring of slaying (right hand)
 O - a +6 ring of dexterity
Wands
 B - a wand of flame (18)
 F - a wand of mindburst (18)
 Q - a wand of iceblast (7)
 R - a wand of digging (5)
Scrolls
 b - 2 scrolls of amnesia
 c - a scroll of magic mapping {unknown}
 e - 2 scrolls of poison
 g - 4 scrolls of teleportation
 i - 2 scrolls of immolation
 j - 2 scrolls of silence
 o - a scroll of noise {unknown}
 t - 2 scrolls of enchant weapon
 v - a scroll of blinking
 A - a scroll of identify
 G - a scroll of brand weapon {unknown}
 I - a scroll of vulnerability {unknown}
 L - a scroll of enchant armour {unknown}
Potions
 d - 2 potions of might
 f - 3 potions of haste
 k - 3 potions of invisibility
 m - a potion of resistance {unknown}
 p - a potion of flight
 q - 2 potions of brilliance
 r - 2 potions of lignification {unknown}
 u - a potion of magic {unknown}
 w - 2 potions of mutation
 z - a potion of curing {unknown}
 C - a potion of cancellation {unknown}
 D - 2 potions of degeneration {unknown}
 H - a potion of attraction {unknown}


   Skills:
 + Level 8.3 Fighting
 + Level 13.8 Axes
 + Level 10.0 Armour
 + Level 4.0 Dodging
 + Level 0.9 Stealth
 + Level 7.8 Shields


You had 9 spell levels left.
You didn't know any spells.
Your spell library contained the following spells:

 Spells                   Type           Power      Damage    Failure   Level
 Kiss of Death            Conj/Necr      0%         2d5       100%        1
 Sandblast                Erth           0%         2d4       100%        1
 Cigotuvi's Dreadful Rot  Necr/Pois/Air  0%         N/A       100%        2
 Passwall                 Tmut/Erth      0%         N/A       100%        2
 Confusing Touch          Hex            0%         N/A       100%        3
 Ignite Poison            Fire/Tmut/Pois 0%         N/A       100%        3
 Stone Arrow              Conj/Erth      0%         3d7       100%        3
 Cause Fear               Hex            0%         N/A       100%        4
 Dispel Undead            Necr           0%         3d6       100%        4
 Petrify                  Tmut/Erth      0%         N/A       100%        4
 Freezing Cloud           Conj/Ice/Air   0%         6-21      100%        5
 Iron Shot                Conj/Erth      0%         9d1       100%        6
 Statue Form              Tmut/Erth      0%         N/A       100%        6
 Dragon Form              Tmut           0%         N/A       100%        7
 Dragon's Call            Summ           0%         N/A       100%        9


Dungeon Overview and Level Annotations

Branches:
Dungeon (9/15)             Temple (1/1) D:6            Lair (0/5) D:9
    Orc (0/2) D:9

Altars:
Ashenzari
Cheibriados
Dithmenos
Elyvilon
Fedhas
Gozag
Hepliaklqana
Kikubaaqudgha
Makhleb
Nemelex Xobeh
Okawaru
Qazlal
Ru
Sif Muna
Trog
Uskayaw
Vehumet
Wu Jian
Yredelemnul
Zin
The Shining One

Shops:
D:3 [   D:8 *


Innate Abilities, Weirdness & Mutations

You have a pair of horns on your head.
You reflexively headbutt those who attack you in melee.
You have razor-sharp toenails.


Message History

You feel very sick. You block the gnoll sergeant's attack.
The kobold brigand throws a curare-tipped dart.
The curare-tipped dart hits you.
You are more poisoned.
You have difficulty breathing.
You feel yourself slow down.
You feel extremely sick. You block the gnoll sergeant's attack.
The kobold brigand hits you but does no damage.
There is an open door, spattered with blood here.
Items here: $ )))) [[.
You slash the kobold brigand! You headbutt the kobold brigand.
The kobold brigand is heavily wounded.
You closely miss the kobold brigand.
The kobold brigand is no longer distracted by gold.
You closely miss the gnoll sergeant.
You feel very sick. You block the gnoll sergeant's attack.
The kobold brigand hits you with a +0 short sword.
* * * LOW HITPOINT WARNING * * *
You block the kobold brigand's attack.
The kobold brigand hits you but does no damage.
You block the gnoll sergeant's attack.
The kobold brigand is distracted by your dazzling golden aura.
The kobold brigand shouts!
It was a potion of brilliance.
You feel clever all of a sudden.
You feel very sick.
The kobold brigand is no longer distracted by gold.
The gnoll sergeant hits you with a +4 spear of venom.
* * * LOW HITPOINT WARNING * * *
You are more poisoned.
The kobold brigand hits you with a +4 whip.
* * * LOW HITPOINT WARNING * * *
The kobold brigand closely misses you.
It was a potion of flight.
You feel very buoyant.
You fly up into the air.
You die...
Your body crumbles into a pile of gold.

...####......#.....#
.............##'#####
....................#
##..................#
..[......)###.....#.#
..........###.....#.#
##...........########..#
#.....>......$$$......#
............###@###...#
############8KKg8# .#
#.....# #..>..# #.....#
#8...8# #######


You could see 2 kobold brigands and a gnoll sergeant.

Vanquished Creatures
  A two-headed ogre (D:5)
  The ghost of laqueoix the Thaumaturge, a novice DECj of Cheibriados (D:6)
  The ghost of OlManJenkins the Caller, a novice DgIE (D:8)
  Maggie (D:7)
  2 trolls
  A wyvern (D:5)
  A ynoxinul (D:8)
  A shadow (D:8)
  2 steam dragons
  Menkaure (D:7)
  3 wargs (D:9)
  2 sky beasts (D:8)
  4 orc warriors
  2 ice beasts (D:6)
  2 centaurs (D:8)
  3 ogres
  A phantom (D:7)
  4 kobold brigands
  4 bullfrogs
  8 gnoll sergeants
  A scorpion (D:7)
  4 wights (D:7)
  A howler monkey (D:7)
  4 jellies
  A centaur zombie (D:6)
  4 hounds
  7 orc priests
  2 sleepcaps (D:5)
  12 iguanas
  7 orc wizards
  A howler monkey zombie (D:6)
  19 gnolls
  9 adders
  2 shadow imps
  3 white imps
  3 worms
  2 dart slugs
  26 orcs
  12 endoplasms
  4 giant cockroaches (D:1)
  3 goblins
  7 hobgoblins
  6 jackals (D:1)
  11 kobolds
  5 quokkas
  8 ball pythons
  4 bats
  5 rats
218 creatures vanquished.

Notes
Turn   | Place    | Note
-------+----------+-------------------------------------------
     0 | D:1      | fireball365 the Minotaur Fighter began the quest for the
                  | Orb.
     0 | D:1      | Reached XP level 1. HP: 19/19 MP: 0/0
     1 | D:1      | Found a runed translucent door.
   106 | D:1      | Reached XP level 2. HP: 24/27 MP: 1/1
   633 | D:1      | Reached skill level 3 in Axes
   670 | D:1      | Reached XP level 3. HP: 23/33 MP: 2/2
   872 | D:2      | Reached XP level 4. HP: 33/40 MP: 3/3
  1283 | D:3      | Found Liptedd's Antique Armour Shop.
  1294 | D:3      | Reached skill level 4 in Axes
  1342 | D:3      | Found a faded altar of an unknown god.
  1665 | D:3      | You fall into a shaft and drop 3 floors!
  1671 | D:5      | Entered Level 5 of the Dungeon
  1835 | D:5      | Reached skill level 1 in Dodging
  1921 | D:5      | Reached XP level 5. HP: 42/47 MP: 4/4
  2120 | D:4      | Found a sacrificial altar of Ru.
  2136 | D:4      | Reached skill level 5 in Axes
  2333 | D:4      | Reached XP level 6. HP: 48/53 MP: 5/5
  2970 | D:5      | Noticed a wyvern
  3004 | D:5      | Reached skill level 5 in Armour
  3021 | D:5      | Reached skill level 6 in Axes
  3049 | D:5      | Reached skill level 5 in Shields
  3076 | D:5      | Killed a wyvern
  3077 | D:5      | Reached skill level 5 in Fighting
  3077 | D:5      | Reached XP level 7. HP: 17/61 MP: 6/6
  3227 | D:5      | Noticed a two-headed ogre
  3236 | D:5      | Killed a two-headed ogre
  3237 | D:5      | Reached skill level 8 in Axes
  3237 | D:5      | Reached XP level 8. HP: 21/70 MP: 7/7
  4129 | D:6      | Found a staircase to the Ecumenical Temple.
  4152 | Temple   | Entered the Ecumenical Temple
  4304 | D:6      | Found a glowing silver altar of Zin.
  4321 | D:6      | Reached skill level 9 in Axes
  4442 | D:6      | Found a bloodstained altar of Trog.
  4446 | D:6      | Found a blossoming altar of Fedhas.
  4467 | D:6      | Found a runed translucent gate.
  4467 | D:6      | Found a runed translucent gate.
  4467 | D:6      | Found a runed translucent gate.
  4467 | D:6      | Noticed laqueoix's ghost (novice DECj)
  4472 | D:6      | Found a basalt altar of Yredelemnul.
  4550 | D:6      | Noticed a troll
  4565 | D:6      | Killed a troll
  4566 | D:6      | Reached XP level 9. HP: 31/78 MP: 8/8
  4711 | D:6      | Found a shadowy altar of Dithmenos.
  5166 | D:7      | Noticed Maggie
  5172 | D:7      | Reached skill level 10 in Axes
  5184 | D:7      | Killed Maggie
  5785 | D:7      | Gained mutation: You have sharp toenails. [potion of
                  | mutation]
  5785 | D:7      | Gained mutation: You have razor-sharp toenails. [potion of
                  | mutation]
  5810 | D:7      | Identified the +2 ring mail of Poor Excuses {Str+2 Int+8}
  6000 | D:7      | Reached skill level 11 in Axes
  6269 | D:7      | Noticed Menkaure
  6274 | D:7      | Killed Menkaure
  6449 | D:7      | Found an ornate altar of the Wu Jian Council.
  6676 | D:6      | Killed laqueoix's ghost
  6677 | D:6      | Reached XP level 10. HP: 81/86 MP: 9/9
  6797 | D:8      | Found Qoiped's General Store.
  6920 | D:8      | Bought a scroll of identify for 22 gold pieces
  6920 | D:8      | Bought a potion of heal wounds for 55 gold pieces
  7037 | D:8      | Found an opulent altar of Gozag.
  7047 | D:8      | Became a worshipper of Gozag Ym Sagoz the Greedy
  7058 | D:8      | Reached skill level 12 in Axes
  7323 | D:8      | Noticed OlManJenkins's ghost (novice DgIE)
  7331 | D:8      | Found a runed translucent door.
  7526 | D:8      | Killed OlManJenkins's ghost
  7527 | D:8      | Reached skill level 10 in Armour
  7536 | D:8      | Got the Encyclopedia of the Gargoyle
  7614 | D:9      | Found a staircase to the Lair.
  7628 | D:9      | Reached skill level 13 in Axes
  7755 | D:9      | Found a staircase to the Orcish Mines.
  7810 | D:9      | HP: 2/89 [kobold brigand/+4 whip (4)]
  7811 | D:9      | Succumbed to a gnoll sergeant's poison

Illustrated notes

Levels and vault maps discovered:
D:1:      dpeg_arrival_caged_fury, layout_loops_ring, serial_forest,
          infiniplex_forest_clump_curved, infiniplex_forest_straight_2,
          infiniplex_forest_clump_tiny, infiniplex_forest_lined_ring,
          infiniplex_forest_clump_small
D:2:      layout_basic, wad_orctagon
D:3:      layout_rooms, dreamdust_ecumenical_altar_angels_and_demons,
          serial_shops, shop
D:4:      layout_rooms, nicolae_ru_great_annihilating_truth
D:5:      kennysheep_windowed_halls, layout_basic
D:6:      layout_basic, zin_academy, nicolae_yredelemnul_ghost_church,
          grunt_temple_overflow_open, nicolae_dithmenos_through_a_glass_darkly,
          minmay_temple_entry_offerings
D:7:      layout_cave_pods, pdpol_wu_jian_five_deadly_venoms,
          minmay_manual_macuahuitl, uniq_menkaure, uniq_maggie
D:8:      layout_cave_pools, kennysheep_mini, serial_shops,
          nicolae_shop_tiny_statue_garden, hellmonk_ghost_big_iron,
          hangedman_decor_slide_cut
D:9:      layout_stronghold, erik_lair_orcish_takeover,
          kennysheep_orc_monster_closet_entryway
Temple:   compressed_dpeg_triangle_lava_temple

Skill      XL: |  1  2  3  4  5  6  7  8  9 10 |
---------------+-------------------------------+-----
Fighting       | 4 5 6 7 8 |  8.3
Shields        | 4 5 7 |  7.8
Axes           | 3 4 5 6 8 9 11 13 | 13.8
Armour         | 4 5 6 7 9 10 | 10.0
Dodging        | 1 2 3 4 |  4.0
Stealth        | |  0.9

Action                     |  1- 3 |  4- 6 |  7- 9 | 10-12 || total
---------------------------+-------+-------+-------+-------++-------
  Melee: War axe           |    55 |   124 |   163 |       ||   342
         Headbutt          |    11 |    22 |    42 |    26 ||   101
         Broad axe         |       |       |    20 |   111 ||   131
    Use: Scroll            |       |       |     7 |     3 ||    10
         Potion            |       |       |     1 |     4 ||     5
   Stab: Distracted        |       |       |       |     2 ||     2
 Armour: Scale mail        |    46 |    85 |     7 |       ||   138
         Chain mail        |       |       |    62 |     1 ||    63
         Plate armour      |       |       |       |    64 ||    64
  Dodge: Dodged            |    42 |    69 |    88 |    38 ||   237
  Block: Buckler           |    25 |    42 |    47 |       ||   114
         Kite shield       |       |       |    31 |    79 ||   110
